 Dungeon Crawl Stone Soup version 0.21.0-36-ge3e1d5aaab (webtiles) character file.

33997 Jannitor the Basher (level 13, -3/106 HPs)
             Began as a Mummy Chaos Knight on Jan 29, 2018.
             Hit by a large rock thrown by a stone giant (30 damage)
             ... on level 11 of the Dungeon.
             The game lasted 00:55:36 (29571 turns).

Jannitor the Basher (Mummy Chaos Knight)           Turns: 29571, Time: 00:55:37

Health: -3/106     AC: 19    Str: 20    XL:     13   Next: 39%
Magic:  0/17       EV:  9    Int: 11    God:    Xom [*.....]
Gold:   1080       SH:  7    Dex: 13    Spells: 13/18 levels left

rFire    . . .     SeeInvis +   l - +8 eveningstar (protect)
rCold    + + +     Gourm    .   K - +2 buckler
rNeg     + + +     Faith    .   y - +1 chain mail of Kepa {rElec rC++ Dex-2}
rPois    ∞         Spirit   +   (no helmet)
rElec    +         Reflect  .   A - scarf {cloud immunity}
rCorr    .         Harm     .   N - +2 pair of gloves {Dex+3}
MR       +....                  M - +2 pair of boots {run}
Stlth    ..........             I - amulet of guardian spirit
HPRegen  0.27/turn              R - ring of protection from fire
MPRegen  0.15/turn              J - ring of see invisible

@: quick
A: no food or potions, fire vulnerability, cold resistance 1, negative energy
resistance 3, torment resistance, unbreathing, in touch with death 1
a: Renounce Religion


You were on level 11 of the Dungeon.
You worshipped Xom.
You were a special plaything of Xom.
You were not hungry.

You visited 2 branches of the dungeon, and saw 17 of its levels.
You also visited: Ice Cave.

You collected 1080 gold pieces.

Inventory:

Hand Weapons
 a - a +3 mace of crushing
 b - a +0 hunting sling
 l - a +8 eveningstar of protection (weapon)
 n - a +2 mace of protection
 q - a +0 mace of chaos
 u - a +0 morningstar of venom
 C - the +6 dagger "Sel Wis" {antimagic, Str+2}
   (Xom gifted it to you on level 5 of the Dungeon)

   It reduces the magical energy of the wielder, and disrupts the spells and
   magical abilities of those hit.
   Natural abilities and divine invocations are not affected.
   It affects your strength (+2).
 E - the +8 hand axe of Massacring {drain, +Fly MR+ Stlth-}
   (You found it on level 3 of the Lair of Beasts)

   A truly terrible weapon, it drains the life of those it strikes.
   It affects your resistance to hostile enchantments.
   It lets you fly.
   It makes you less stealthy.
Missiles
 e - 303 stones
 f - 5 javelins (quivered)
 k - 217 arrows
 s - 7 sling bullets
 S - 4 steel javelins
Armour
 y - the +1 chain mail of Kepa (worn) {rElec rC++ Dex-2}
   (Xom gifted it to you on level 5 of the Dungeon)

   It affects your dexterity (-2).
   It greatly protects you from cold.
   It insulates you from electricity.
 A - a scarf of cloud immunity (worn)
 B - a +0 cloak
 D - a +2 pair of gloves
 H - a +0 troll leather armour
 K - a +2 buckler (worn)
 M - a +2 pair of boots of running (worn)
 N - a +2 pair of gloves of dexterity (worn)
Jewellery
 p - a +2 ring of evasion
 I - an amulet of guardian spirit (around neck)
 J - a ring of see invisible (right hand)
 L - an uncursed ring of magical power
 R - a ring of protection from fire (left hand)
Wands
 t - a wand of paralysis (4)
 v - a wand of flame (43)
 w - a wand of polymorph (15)
 z - a wand of clouds (9)
 G - a wand of random effects (10)
 Q - a wand of acid (8)
 T - a wand of disintegration (12)
 U - a wand of enslavement (32)
Scrolls
 c - a scroll of fear
 g - 9 scrolls of teleportation
 h - 6 scrolls of identify
 i - 4 scrolls of remove curse
 o - 7 scrolls of amnesia
 x - 5 scrolls of blinking
 P - 2 scrolls of fog
Books
 d - a book of Beasts

   Spells                             Type                      Level
   a - Summon Butterflies             Summoning                    1
   b - Call Canine Familiar           Summoning                    3
   c - Summon Ice Beast               Ice/Summoning                4
   d - Summon Mana Viper              Hexes/Summoning              5
   e - Summon Hydra                   Summoning                    7
 j - a book of Changes

   Spells                             Type                      Level
   a - Beastly Appendage              Transmutation                1
   b - Sticks to Snakes               Transmutation                2
   c - Spider Form                    Transmutation/Poison         3
   d - Ice Form                       Ice/Transmutation            4
   e - Blade Hands                    Transmutation                5
 m - a book of Callings

   Spells                             Type                      Level
   a - Summon Small Mammal            Summoning                    1
   b - Call Imp                       Summoning                    2
   c - Call Canine Familiar           Summoning                    3
   d - Summon Guardian Golem          Hexes/Summoning              3
   e - Summon Lightning Spire         Summoning/Air                4
   f - Summon Ice Beast               Ice/Summoning                4
 r - a book of Necromancy

   Spells                             Type                      Level
   a - Pain                           Necromancy                   1
   b - Animate Skeleton               Necromancy                   1
   c - Vampiric Draining              Necromancy                   3
   d - Regeneration                   Charms/Necromancy            3
   e - Animate Dead                   Necromancy                   4
   f - Borgnjor's Vile Clutch         Necromancy/Earth             5
 F - a book of Geomancy

   Spells                             Type                      Level
   a - Sandblast                      Earth                        1
   b - Passwall                       Transmutation/Earth          2
   c - Stone Arrow                    Conjuration/Earth            3
   d - Petrify                        Transmutation/Earth          4
   e - Lee's Rapid Deconstruction     Earth                        5
 O - the Almanac of Spatial Creation
   (You found it in an ice cave)

   Spells                             Type                      Level
   a - Summon Butterflies             Summoning                    1
   b - Summon Guardian Golem          Hexes/Summoning              3
   c - Call Canine Familiar           Summoning                    3
   d - Summon Demon                   Summoning                    5
   e - Controlled Blink               Translocation                8


   Skills:
 + Level 11.4 Fighting
 * Level 11.6 Maces & Flails
 + Level 9.1 Armour
 - Level 2.4 Dodging
 - Level 4.2 Shields
 - Level 3.3 Spellcasting
 - Level 4.8 Transmutations
 + Level 6.5 Evocations


You had 13 spell levels left.
You knew the following spells:

 Your Spells              Type           Power        Failure   Level  Hunger
a - Sticks to Snakes      Tmut           ##......     36%         2    N/A
b - Passwall              Tmut/Erth      #.........   71%         2    N/A
c - Animate Skeleton      Necr           N/A          89%         1    N/A

Dungeon Overview and Level Annotations

Branches:
Dungeon (11/15)            Temple (0/1) D:6            Lair (6/6) D:10
  Swamp (0/4) Lair:3        Slime (0/5) Lair:6          Orc (0/2) D:10
  Snake: Lair:2-4    Spider: Lair:2-4

Altars:
Ashenzari
Hepliaklqana
Kikubaaqudgha
Qazlal
Ru
Trog
Uskayaw
Vehumet
Xom
The Shining One

Annotations:
D:10 gmrwt's ghost, journeyman TrMo
Lair:1 1 exclusion
Lair:2 2 transporters, Harold


Innate Abilities, Weirdness & Mutations

You do not eat or drink.
Your flesh is vulnerable to fire.
You are immune to poison.
Your flesh is cold resistant. (rC+)
You are immune to negative energy. (rN+++)
You are immune to unholy pain and torment.
You can survive without breathing.
You are in touch with the powers of death.


Message History

You kill the white imp!
No target in view!
No target in view!
You start resting.
A stone giant comes into view.
A stone giant is nearby!
The stone giant shouts!
The stone giant throws a large rock.
The large rock hits you!!!
Things that are here:
a large rock; a howler monkey corpse The stone giant throws a large rock.
The large rock hits you!!
You see here a large rock.
A crimson imp comes into view.
The crimson imp shouts!
The stone giant throws a large rock.
The large rock hits you!!
* * * LOW HITPOINT WARNING * * *
You see here a large rock.
The stone giant throws a large rock.
The large rock hits you!!
You die...
Xom cackles wildly!

#.# #..........#
#...#......†...#
...#......=...#
#............#
.#..........#
#.......)..#
#..........#
#.########.#
###)########@#
..#(.......(.#
#.#†(C...(...# #
#.#)#######..#
#.#.#.#..........#
.....(C..........#
#.###.#.........5#
#.#.#######..#
#.#.# #..#


You could see a stone giant and a crimson imp.

Vanquished Creatures
  A catoblepas (Lair:3)
  A two-headed ogre (D:8)
  Urug (D:9)
  An unseen horror (D:9)
  An ugly thing (D:11)
  2 cyclopes (D:11)
  25 elephants
  4 black mambas
  2 ice statues (IceCv)
  The ghost of GuyWithAPlan the Destroyer, a novice TeCj of Dithmenos (D:4)
  7 spiny frogs
  A centaur skeleton (D:10)
  2 rime drakes
  3 komodo dragons
  8 ice devils (IceCv)
  A troll (D:10)
  Grinder (D:5)
  A jumping spider (Lair:5)
  2 slime creatures (Lair:6)
  12 blink frogs
  8 hippogriffs
  2 wyverns
  A spriggan (Lair:1)
  9 yaks
  2 basilisks
  2 hell hounds (D:10)
  A soldier ant (shapeshifter) (Lair:2)
  6 porcupines
  An acid dragon (D:11)
  10 water moccasins
  A porcupine (shapeshifter) (D:8)
  2 orc warriors (D:10)
  3 sky beasts
  A black bear (D:9)
  An ice beast (D:11)
  A hornet zombie (D:9)
  3 ogres
  3 centaurs
  3 phantoms
  An eye of draining (D:11)
  12 crocodiles
  2 big kobolds
  10 bullfrogs
  A wyvern skeleton (D:10)
  4 scorpions
  2 water moccasin skeletons (D:10)
  3 killer bees
  5 howler monkeys
  4 electric eels (Lair:4)
  3 crimson imps
  5 jellies
  7 hounds
  2 bullfrog skeletons
  5 orc priests
  5 orc wizards
  5 iguanas
  12 worker ants
  A hound zombie (D:7)
  A hound skeleton (D:6)
  A worker ant zombie (D:9)
  A gnoll (D:6)
  20 adders
  4 shadow imps
  15 white imps
  10 ufetubi (IceCv)
  2 oozes (D:2)
  2 adder skeletons
  An adder zombie (D:5)
  3 worms
  4 dart slugs
  6 leopard geckos
  24 orcs
  3 bats
  8 goblins
  3 hobgoblins
  6 jackals
  5 quokkas
  A ball python (Lair:2)
  4 frilled lizards
  14 kobolds
  A leopard gecko zombie (D:6)
  3 rats
  2 plants (Lair:1)
370 creatures vanquished.

Vanquished Creatures (collateral kills)
  A spiny frog (Lair:1)
  2 blink frogs
  A porcupine (Lair:1)
  A black bear (D:8)
  An ogre (D:5)
  Blork the orc (D:5)
  2 killer bees
  An orc priest (D:3)
  An orc wizard (D:4)
  Ijyb (D:4)
  An adder (D:10)
  A worm (D:4)
  2 orcs
  3 goblins (D:5)
19 creatures vanquished.

Vanquished Creatures (others)
  A reaper (IceCv)
  An elephant (Lair:6)
  6 white imps
  2 ufetubi (IceCv)
  A fire vortex (Lair:1)
  6 fungi
  15 plants
32 creatures vanquished.

Grand Total: 421 creatures vanquished

Notes
Turn   | Place    | Note
-------+----------+-------------------------------------------
     0 | D:1      | Jannitor the Mummy Chaos Knight began the quest for the Orb.
     0 | D:1      | Reached XP level 1. HP: 18/18 MP: 1/1
   299 | D:1      | Reached XP level 2. HP: 24/24 MP: 2/2
   758 | D:2      | Reached XP level 3. HP: 30/30 MP: 3/3
   854 | D:2      | Reached XP level 4. HP: 34/37 MP: 4/4
   945 | D:2      | XOM: cloud trail
   978 | D:2      | Learned a level 2 spell: Sticks to Snakes
  1214 | D:2      | Found a glowing golden altar of the Shining One.
  1218 | D:2      | XOM: harmless Pois miscast
  1305 | D:2      | XOM: enchant monster (bad)
  1408 | D:2      | Reached skill level 1 in Transmutations
  1585 | D:3      | Reached XP level 5. HP: 40/43 MP: 5/5
  1619 | D:3      | Found a faded altar of an unknown god.
  1863 | D:3      | XOM: silly message
  2391 | D:4      | Noticed a phantom
  2395 | D:4      | XOM: divination: detect creatures
  2413 | D:4      | XOM: potion effect (brilliance)
  2426 | D:4      | XOM: harmless Pois miscast
  2435 | D:4      | XOM: potion effect (experience)
  2435 | D:4      | Reached skill level 5 in Maces & Flails
  2435 | D:4      | Reached XP level 6. HP: 51/55 MP: 2/6
  2595 | D:4      | Reached skill level 1 in Dodging
  2595 | D:4      | Reached XP level 7. HP: 49/60 MP: 5/7
  2622 | D:4      | XOM: divination: detect items
  2629 | D:4      | XOM: harmless Hex miscast
  2677 | D:4      | Reached skill level 1 in Spellcasting
  2693 | D:4      | XOM: divination: detect items
  2879 | D:4      | Noticed Ijyb
  2881 | D:4      | Noticed GuyWithAPlan's ghost (novice TeCj)
  3012 | D:4      | Found a sacrificial altar of Ru.
  3084 | D:4      | XOM: mild Summ miscast
  3504 | D:3      | XOM: harmless Chrm miscast
  3609 | D:4      | XOM: smoke on damage
  3823 | D:3      | XOM: harmless Erth miscast
  3941 | D:4      | XOM: harmless Conj miscast
  3993 | D:4      | XOM: cast spell 'Call Canine Familiar'
  4001 | D:4      | XOM: harmless Chrm miscast
  4165 | D:4      | Killed GuyWithAPlan's ghost
  4165 | D:4      | Reached XP level 8. HP: 60/67 MP: 4/11
  4220 | D:4      | XOM: god gift: ration
  4358 | D:5      | Entered Level 5 of the Dungeon
  4555 | D:4      | XOM: scenery: create altars
  4629 | D:4      | XOM is BORED!
  4804 | D:4      | XOM: 2-stop teleportation journey
  4812 | D:5      | Noticed Grinder
  4817 | D:5      | Paralysed by Grinder for 3 turns
  4826 | D:5      | Killed Grinder
  5122 | D:5      | Found a radiant altar of Vehumet.
  5351 | D:5      | Noticed Blork the orc
  5357 | D:5      | XOM: scenery: create altars
  5362 | D:5      | Killed Blork the orc
  5476 | D:5      | Noticed a hippogriff
  5478 | D:5      | XOM: potion effect (haste)
  5491 | D:5      | Killed a hippogriff
  5736 | D:4      | Killed Ijyb
  6334 | D:5      | XOM: divination: detect items
  6557 | D:5      | XOM: scenery: create altars
  6936 | D:5      | XOM: god gift: twisted chain mail {god gift}
  6939 | D:5      | Got a twisted chain mail {god gift}
  6940 | D:5      | Identified the +1 chain mail of Kepa {rElec rC++ Dex-2} (Xom gifted it to you on level 5 of the Dungeon)
  7232 | D:5      | XOM: scenery: create altars
  8302 | D:5      | XOM: 1-stop teleportation journey
  8439 | D:5      | XOM: cloud trail
  8447 | D:5      | XOM: scenery: create altars
  9484 | D:5      | XOM: god gift: 2 scrolls labeled WOEKOL PAROGGAB {god gift}
  9511 | D:6      | XOM: harmless Conj miscast
  9549 | D:6      | XOM: potion effect (might)
  9570 | D:6      | Found a staircase to the Ecumenical Temple.
  9610 | D:6      | Reached XP level 9. HP: 69/74 MP: 13/13
  9660 | D:6      | Reached skill level 5 in Armour
  9709 | D:6      | Found a hazy altar of Hepliaklqana.
  9793 | D:6      | Identified the +4 quarterstaff of Mourning {freeze, Int+2} (You found it on level 6 of the Dungeon)
  9861 | D:6      | Got an ichor-stained trident
  9862 | D:6      | Identified the +0 trident of Xoazxeaverr {freeze, rN+ Int+2 Dex+3} (You found it on level 6 of the Dungeon)
 10058 | D:6      | XOM: god gift: 22 stones
 10150 | D:6      | XOM is BORED!
 10150 | D:6      | XOM: medium Fire miscast
 10764 | D:5      | XOM: divination: detect items
 12356 | D:5      | XOM is BORED!
 12356 | D:5      | XOM: medium Chrm miscast
 12559 | D:5      | XOM: god gift: crystal dagger {god gift}
 12562 | D:5      | Got a crystal dagger {god gift}
 12563 | D:5      | Identified the +6 dagger "Sel Wis" {antimagic, Str+2} (Xom gifted it to you on level 5 of the Dungeon)
 13038 | D:6      | XOM: harmless Conj miscast
 13045 | D:6      | XOM: severe Necr miscast
 13404 | D:7      | XOM: harmless Tmut miscast
 13907 | D:8      | XOM: mild Conj miscast
 14000 | D:8      | XOM: noise
 14229 | D:8      | XOM: 1-stop teleportation journey
 14236 | D:8      | XOM: confuse monster(s)
 14247 | D:8      | Noticed a two-headed ogre
 14252 | D:8      | XOM: summons friendly white imp
 14390 | D:8      | XOM: harmless Chrm miscast
 14392 | D:8      | XOM: swap monsters
 14399 | D:8      | XOM: noise
 14765 | D:8      | XOM: butterfly on damage
 14773 | D:8      | Killed a two-headed ogre
 14773 | D:8      | Reached skill level 1 in Evocations
 15161 | D:7      | XOM: enchant monster (bad)
 15267 | D:7      | XOM: harmless Conj miscast
 15308 | D:7      | Identified a scroll of acquirement
 15617 | D:7      | XOM: harmless Summ miscast
 15689 | D:7      | XOM: silly message
 15865 | D:7      | XOM: noise
 15876 | D:7      | XOM: harmless Chrm miscast
 16197 | D:7      | XOM: harmless Tmut miscast
 16873 | D:7      | XOM: harmless Chrm miscast
 18149 | D:7      | XOM is BORED!
 18149 | D:7      | XOM: summons 3 hostile demons
 18289 | D:8      | XOM: enchant monster (good)
 18290 | D:8      | Reached XP level 10. HP: 68/82 MP: 9/14
 18607 | D:7      | XOM: harmless Hex miscast
 18702 | D:7      | XOM: medium Necr miscast
 19160 | D:8      | XOM: silly message
 19313 | D:8      | XOM: polymorph ice beast -> naga
 19439 | D:8      | Found a stormy altar of Qazlal.
 19536 | D:9      | XOM: destruction
 19543 | D:9      | XOM: enchant monster (good)
 19547 | D:9      | Found a bloodstained altar of Trog.
 19579 | D:9      | XOM: enchant monster (good)
 19876 | D:9      | XOM: cleaving
 19879 | D:9      | XOM: fog
 19984 | D:9      | XOM: potion effect (might)
 19996 | D:9      | Found a shattered altar of Ashenzari.
 20015 | D:9      | Found a hide-covered altar of Uskayaw.
 20038 | D:9      | Found an ancient bone altar of Kikubaaqudgha.
 20064 | D:9      | XOM: god gift: ration
 20182 | D:9      | Killed an unseen horror
 20369 | D:10     | Entered Level 10 of the Dungeon
 20372 | D:10     | Noticed Urug
 20410 | D:9      | XOM: scenery: 1 doors open, 1 doors close
 20622 | D:9      | XOM: scenery: 2 doors close
 20827 | D:10     | Noticed gmrwt's ghost (journeyman TrMo)
 20881 | D:10     | XOM: summons friendly quasit
 20949 | D:10     | XOM: polymorph adder -> hound
 20954 | D:10     | XOM: fake destruction
 20962 | D:9      | Killed Urug
 21052 | D:10     | XOM: summons 10 friendly demons
 21185 | D:10     | Learned a level 2 spell: Passwall
 21187 | D:10     | Learned a level 1 spell: Animate Skeleton
 21208 | D:10     | Found a staircase to the Lair.
 21217 | Lair:1   | Entered Level 1 of the Lair of Beasts
 21254 | Lair:1   | Noticed a spiny frog
 21261 | Lair:1   | Killed a spiny frog
 21261 | Lair:1   | Reached XP level 11. HP: 68/89 MP: 10/15
 21352 | Lair:1   | XOM: cloud trail
 21730 | Lair:1   | XOM: mild Necr miscast
 21749 | Lair:1   | XOM: summons 11 friendly demons
 21770 | Lair:1   | XOM: cloud trail
 21901 | Lair:1   | XOM: enchant monster (good)
 21969 | Lair:1   | XOM: scenery: create altars
 21973 | Lair:1   | XOM: god gift: scroll of teleportation
 22334 | Lair:1   | XOM is BORED!
 22334 | Lair:1   | XOM: mild Fire miscast
 22335 | Lair:1   | XOM: butterfly on damage
 22356 | Lair:2   | XOM: scenery: create altars
 22429 | Lair:2   | XOM: noise
 22502 | Lair:2   | Found a transporter.
 22553 | Lair:2   | Found a transporter.
 22555 | Lair:2   | Noticed a swamp dragon
 22556 | Lair:2   | Noticed a swamp dragon
 22580 | Lair:2   | XOM: mild Fire miscast
 22590 | Lair:2   | XOM: 2-stop teleportation journey
 22626 | Lair:2   | XOM: confusion
 22628 | Lair:2   | XOM: cast spell 'Dispersal'
 22630 | Lair:2   | XOM: polymorph blink frog -> wyvern
 22647 | Lair:1   | XOM: god gift: 15 gold pieces
 22906 | Lair:2   | Noticed Harold
 22954 | Lair:2   | XOM: enchant monster (good)
 23380 | Lair:3   | XOM: summons 2 friendly demons
 23481 | Lair:3   | Found a staircase to the Swamp.
 23548 | Lair:3   | Noticed a catoblepas
 23576 | Lair:3   | Killed a catoblepas
 23576 | Lair:3   | Reached skill level 10 in Fighting
 23775 | Lair:3   | Identified the +8 hand axe of Massacring {drain, +Fly MR+ Stlth-} (You found it on level 3 of the Lair of Beasts)
 24030 | Lair:3   | XOM: scenery: create altars
 24137 | Lair:4   | Found a frozen archway.
 24141 | Lair:4   | XOM: divination: detect creatures
 24148 | Lair:4   | XOM: destruction
 24170 | Lair:4   | XOM: divine lightning
 24189 | IceCv    | Entered an ice cave
 24314 | IceCv    | Killed a reaper
 24340 | IceCv    | XOM: smoke on damage
 24387 | IceCv    | XOM: summons 2 friendly demons
 24444 | IceCv    | XOM: cast spell 'Ring of Flames'
 24475 | IceCv    | Identified a +2 pair of boots of running (You found it in an ice cave)
 24625 | IceCv    | XOM: summons 7 friendly demons
 24628 | IceCv    | Reached XP level 12. HP: 79/97 MP: 12/16
 24750 | IceCv    | Identified the Almanac of Spatial Creation
 24779 | IceCv    | XOM: summons 12 friendly demons
 24876 | Lair:4   | XOM: potion effect (agility)
 24885 | Lair:4   | Reached skill level 10 in Maces & Flails
 24920 | Lair:4   | XOM: harmless Conj miscast
 24930 | Lair:4   | XOM: potion effect (haste)
 25146 | Lair:4   | XOM: 1-stop teleportation journey
 25188 | Lair:4   | Reached skill level 5 in Evocations
 25205 | Lair:4   | XOM: divination: detect creatures
 25276 | Lair:4   | XOM: enchant monster (good)
 25388 | Lair:4   | XOM: divination: detect items
 25402 | Lair:4   | XOM: summons 3 hostile shadow creatures
 25437 | Lair:4   | XOM: summons friendly crimson imp
 25509 | Lair:4   | XOM: god gift: 4 needles of paralysis
 25694 | Lair:4   | XOM: scenery: create altars
 25917 | Lair:5   | XOM: 4-stop teleportation journey
 25918 | Lair:5   | XOM: scenery: create altars
 25960 | Lair:5   | XOM: 4-stop teleportation journey
 25963 | Lair:5   | XOM: divine lightning
 25967 | Lair:5   | XOM: confusion
 25969 | Lair:5   | XOM: swap monsters
 25974 | Lair:5   | XOM: 1-stop teleportation journey
 26017 | Lair:5   | XOM: severe Tloc miscast
 26037 | Lair:5   | XOM: noise
 26289 | Lair:5   | XOM: harmless Necr miscast
 26300 | Lair:5   | XOM: harmless Tloc miscast
 26455 | Lair:5   | XOM: medium Necr miscast
 26538 | Lair:5   | XOM: potion effect (haste)
 26611 | Lair:5   | XOM: polymorph elephant -> jumping spider
 26794 | Lair:5   | XOM: summons friendly shadow imp
 26797 | Lair:5   | XOM: cast spell 'Summon Small Mammal'
 27015 | Lair:5   | XOM: god gift: shiny centaur barding {god gift}
 27360 | Lair:5   | XOM: harmless Tmut miscast
 27428 | Lair:6   | Entered Level 6 of the Lair of Beasts
 27575 | Lair:6   | XOM: potion effect (haste)
 27582 | Lair:6   | Gained mutation: You are in touch with the powers of death. [Mummy growth]
 27582 | Lair:6   | Reached XP level 13. HP: 106/106 MP: 17/17
 27619 | Lair:6   | XOM: noise
 27630 | Lair:6   | XOM: silly message
 27844 | Lair:5   | XOM: divination: detect items
 28019 | Lair:6   | XOM: harmless Fire miscast
 28030 | Lair:6   | XOM: confusion (+ monsters)
 28036 | Lair:6   | XOM: god gift: curved smoking staff {god gift}
 28043 | Lair:6   | XOM: divine lightning
 28169 | Lair:6   | XOM: 6-stop teleportation journey
 28289 | Lair:6   | XOM: scenery: create altars
 28295 | Lair:6   | Found a staircase to the Slime Pits.
 28344 | Lair:6   | XOM: summons friendly iron imp
 28900 | D:10     | XOM: cleaving
 28911 | D:10     | XOM: cleaving
 28912 | D:10     | XOM: summons friendly shadow imp
 28933 | D:10     | XOM: confusion
 28937 | D:10     | HP: 5/106 [gmrwt's ghost (17)]
 29391 | D:11     | XOM: enchant monster (bad)
 29524 | D:11     | XOM: summons 6 hostile demons
 29528 | D:11     | XOM: blink monster(s)
 29563 | D:11     | Noticed a stone giant
 29571 | D:11     | Hit by a large rock thrown by a stone giant

Skill      XL: |  1  2  3  4  5  6  7  8  9 10 11 12 13 |
---------------+----------------------------------------+-----
Maces & Flails | 3 5 6 7 8 9 11 | 11.6
Fighting       | 4 7 8 9 10 11 | 11.4
Transmutations | 1 4 |  4.8
Armour         | 4 6 7 8 9 |  9.1
Shields        | 4 |  4.2
Dodging        | 1 2 |  2.4
Spellcasting   | 2 3 |  3.3
Evocations     | 1 2 4 5 6 |  6.5

Action                   |  1- 3 |  4- 6 |  7- 9 | 10-12 | 13-15 || total
-------------------------+-------+-------+-------+-------+-------++-------
Melee: Mace              |    21 |    88 |   295 |       |       ||   404
       Eveningstar       |       |       |    15 |   765 |   213 ||   993
 Fire: Hunting sling     |    36 |    90 |    55 |       |       ||   181
 Cast: Sticks to Snakes  |       |     4 |    80 |    50 |       ||   134
 Abil: Evoke Flight      |       |       |       |     1 |       ||     1
Evoke: Wand              |       |       |     6 |    15 |       ||    21
  Use: Scroll            |       |       |    16 |    15 |       ||    31
 Stab: Paralysed         |       |     1 |       |     6 |       ||     7
       Petrifying        |       |     1 |       |     2 |       ||     3
       Distracted        |       |       |     1 |     5 |       ||     6
       Confused          |       |       |       |     1 |       ||     1
       Petrified         |       |       |       |     5 |       ||     5
Armor: Leather armour    |    11 |    36 |    90 |    64 |       ||   201
       Troll leather arm |       |       |       |    95 |       ||    95
       Chain mail        |       |       |       |   103 |   105 ||   208
Dodge: Dodged            |    17 |    38 |   142 |   342 |    68 ||   607
Block: Buckler           |       |     2 |    62 |   191 |    62 ||   317
